 Dungeon Crawl Stone Soup version 0.30-a0-561-g1b0378597e (webtiles) character file.

Game seed: 15336448182858354662

9 M4edhros the Cudgeller (level 2, 0/21 HPs)
             Began as an Octopode Chaos Knight on Dec 28, 2022.
             Was a Plaything of Xom.
             Slain by a jackal (1 damage)
             ... on level 1 of the Dungeon.
             The game lasted 00:00:36 (316 turns).

M4edhros the Cudgeller (Octopode Chaos Knight)       Turns: 316, Time: 00:00:36

Health: 0/21       AC:  1    Str:  9 (11) XL:     2   Next: 16%
Magic:  2/2        EV: 13    Int: 11 (14) God:    Xom [..*...]
Gold:   0          SH:  0    Dex: 10 (11) Spells: 1/1 levels left

rFire   . . .      SeeInvis .    a - +0 mace (chaos)
rCold   . . .      Faith    .    (no shield)
rNeg    . . .      Spirit   .    (helmet restricted)
rPois   .          Reflect  .    (no amulet)
rElec   .          Harm     .    (no ring)
rCorr   .          Rampage  .    (no ring)
Will    .....                    (no ring)
Stlth   ++                       (no ring)
HPRegen 0.23/turn                (no ring)
MPRegen 0.08/turn                (no ring)
                                 (no ring)
                                 (no ring)

@: no status effects
A: almost no armour, amphibious, 8 rings, camouflage 1, gelatinous body 1,
(nimble swimmer 1), tentacles
a: Renounce Religion


You were on level 1 of the Dungeon.
You worshipped Xom.
You were a toy of Xom.
You visited 1 branch of the dungeon, and saw 1 of its levels.

Inventory:

Hand Weapons
 a - a +0 mace of chaos (weapon)
Scrolls
 c - 2 scrolls of noise {unknown}
 e - a scroll of identify {unknown}
Miscellaneous
 b - a piece from Xom's chessboard (15/15) (quivered)


   Skills:
 + Level 3.1 Fighting
 * Level 3.3 Maces & Flails
 + Level 2.5 Dodging


You had one spell level left.
You didn't know any spells.
Your spell library contained the following spells:

 Spells                   Type           Power      Damage    Failure   Level
 Blink                    Tloc           0%         N/A       47%         2
 Manifold Assault         Tloc           0%         N/A       98%         4
 Storm Form               Tmut/Air       0%         N/A       100%        7


Dungeon Overview and Level Annotations

Branches:
Dungeon (1/15)

Altars:

Shops:
D:1 ?


Innate Abilities, Weirdness & Mutations

You cannot wear most types of armour.
You are amphibious.
You can wear up to eight rings at the same time.
Your skin changes colour to match your surroundings (Stealth+).
Your rubbery body absorbs attacks. (AC +1, EV +1)
((You are camouflaged when in or above water. (Stealth+)))
You have tentacles for arms and can constrict up to eight enemies at once.


Message History

The jackal barely misses you.
You are too injured to fight recklessly!
You are too injured to fight recklessly!
You are too injured to fight recklessly!
You are too injured to fight recklessly!
You are too injured to fight recklessly!
You are too injured to fight recklessly!
You are too injured to fight recklessly!
You are too injured to fight recklessly!
It was a potion of heal wounds.
You feel much better. The jackal bites you.
The jackal bites you but does no damage.
The jackal misses you. The kobold closely misses you.
The jackal closely misses you. The jackal barely misses you.
The jackal closely misses you. The kobold attacks as you move away!
The kobold closely misses you. The jackal attacks as you move away!
The jackal bites you. The jackal attacks as you move away!
The jackal bites you. x2
The bat closely misses you.
It was a potion of degeneration.
There was something very wrong with that liquid.
You feel weakened.
You feel dopey.
You feel clumsy. The bat barely misses you. The jackal bites you.
The bat closely misses you. The jackal closely misses you.
The kobold hits you with a +0 mace. The bat hits you but does no damage.
The jackal completely misses you.
You miss the jackal. Your grab misses the jackal.
The jackal is moderately wounded.
The bat closely misses you. The jackal misses you. The kobold misses you.
The kobold hits you with a +0 mace.
* * * LOW HITPOINT WARNING * * *
The kobold attacks as you move away! The kobold misses you.
The jackal attacks as you move away! The jackal bites you.
* * * LOW HITPOINT WARNING * * *
The jackal barely misses you.
You closely miss the jackal. You grab the jackal.
You squeeze the jackal, but do no damage.
You constrict the jackal, but do no damage.
The jackal misses you. The jackal bites you.
* * * LOW HITPOINT WARNING * * *
The jackal bites you.
You die...

#.# #.# #.#
#.########
#........#
########.# #.
..#.# ##
#.####.#.# ....
#.#.@..#.#
.....#.#hhh.#.###
#.#..J.Kb#.#...##
............#.#..#
##.#.#....#......#
# #############
#.P.# #.P.# #b .#


You could see an endoplasm, 3 jackals, a bat and a kobold.

Vanquished Creatures
  A bat (D:1)
  A hobgoblin (D:1)
  3 jackals (D:1)
  A frilled lizard (D:1)
  2 kobolds (D:1)
  A rat (D:1)
9 creatures vanquished.

Notes
Turn   | Place    | Note
-------+----------+-------------------------------------------
     0 | D:1      | M4edhros the Octopode Chaos Knight began the quest for the
                  | Orb.
     0 | D:1      | Reached XP level 1. HP: 16/16 MP: 1/1
    31 | D:1      | Found Geisiwuk's Magic Scroll Shop.
   138 | D:1      | XOM: silly message
   167 | D:1      | Reached XP level 2. HP: 21/21 MP: 2/2
   271 | D:1      | XOM: 1-stop teleportation journey
   316 | D:1      | HP: 1/21 [jackal (2)]
   316 | D:1      | Slain by a jackal

Illustrated notes

Levels and vault maps discovered:
D:1:      lemuel_arrival_muddy, layout_basic, serial_aquarium,
          aquarium_bridge_straight [aquarium_subvault_bridge,
          aquarium_subvault_balcony, aquarium_subvault_bridge,
          aquarium_subvault_window], aquarium_bridge_straight
          [aquarium_subvault_bridge, aquarium_subvault_wall,
          aquarium_subvault_bridge, aquarium_subvault_window],
          aquarium_window_corridor_3, aquarium_window_1, aquarium_window_corner,
          aquarium_window_1, aquarium_view_2f, aquarium_view_2c,
          aquarium_balcony_5a, serial_shops, shop_scrolls, st_stairs_10,
          minmay_pentomino_r2

Action                   || total
-------------------------++-------
Melee: Mace              ||    21
       Constrict         ||     7
       Tentacles         ||     4
  Use: Potion            ||     2
 Stab: Sleeping          ||     2
       Paralysed         ||     1
       Distracted        ||     1
Armor: Skin              ||     5
Dodge: Dodged            ||    43

Table legend: (Time is in decaauts)
 A = Elapsed time spent in this place.
 B = Non-inter-level travel time spent in this place.
 C = Inter-level travel time spent in this place.
 D = Time resting spent in this place.
 E = Time spent auto-exploring this place.
 F = Levels seen in this place.
 G = Mean time per level.
                   A        B        C        D        E       F      G
               +--------+--------+--------+--------+--------+-----+--------+
         Total |    321 |    321 |      0 |    159 |     96 |   1 |  321.0 |
       Dungeon |    321 |    321 |      0 |    159 |     96 |   1 |  321.0 |
               +--------+--------+--------+--------+--------+-----+--------+

Top non-repeatable levels by time:
     D:1: 321 daAuts
